 Dungeon Crawl Stone Soup version 0.23.2-33-g5129a83184 (webtiles) character file.

Game seed: 7827352166614683662

674531 Rwicked2 the Shatterer (level 27, -9/186 HPs)
             Began as a Gargoyle Fighter on July 31, 2019.
             Was the Champion of Okawaru.
             Killed from afar by an orb of fire (22 damage)
             ... with a fireball
             ... on level 2 of the Realm of Zot on Aug 1, 2019.
             The game lasted 04:26:20 (78998 turns).

Rwicked2 the Shatterer (Gargoyle Fighter)          Turns: 78998, Time: 04:26:21

Health: -9/186     AC: 77    Str: 40    XL:     27
Magic:  39/39      EV: 20    Int: 18    God:    Okawaru [******]
Gold:   2951       SH: 25    Dex: 13    Spells: 26/26 levels left

rFire    . . .     SeeInvis +   K - +10 eveningstar "Loexki" {flame, Dex+4}
rCold    . . .     Gourm    .   m - +2 shield {rN+}
rNeg     + + +     Faith    .   a - +13 plate armour of Wasted Space {*Contam rElec Int+5 SInv}
rPois    ∞         Spirit   .   Y - +4 helmet "Wiulacil" {MP+9 Int+2}
rElec    +         Reflect  +   p - +2 cloak {MR+}
rCorr    .         Harm     .   l - +2 pair of gloves {Str+3}
MR       +++..     Rnd*Tele +   Q - +1 pair of boots of Summertime {Str+4}
Stlth    ..........             O - +4 amulet of reflection
HPRegen  0.41/turn              E - +6 ring of protection
MPRegen  0.26/turn              U - ring of Acays {rN+ Str+2 Slay+3}

@: flying, very slightly contaminated, invisible
A: big wings, blurry vision 2, negative energy resistance 1, screaming 1,
electricity resistance, teleportitis 1, unbreathing, petrification resistance,
rot immunity, AC +20
}: 3/15 runes: decaying, serpentine, silver
a: Stop Flying, Heroism, Finesse, Renounce Religion


You were on level 2 of the Realm of Zot.
You worshipped Okawaru.
Okawaru was exalted by your worship.
You were not hungry.

You visited 11 branches of the dungeon, and saw 51 of its levels.
You visited the Abyss 1 time.
You visited 2 bazaars.
You also visited: Ossuary, Ice Cave and Wizlab.

You collected 6847 gold pieces.
You spent 3896 gold pieces at shops.

Inventory:

Hand Weapons
 q - the +11 falchion "Emyat" {pain, rF+}
   (You found it on level 3 of the Crypt)

   In the hands of one skilled in necromantic magic, it inflicts extra damage on
   living creatures.
   It protects you from fire.
 K - the +10 eveningstar "Loexki" (weapon) {flame, Dex+4}
   (Okawaru gifted it to you on level 5 of the Vaults)

   It has been specially enchanted to burn those struck by it, causing extra
   injury to most foes and up to half again as much damage against particularly
   susceptible opponents.
   It affects your dexterity (+4).
 L - a +2 eveningstar of venom
 M - the +10 flail of Kask {crush, rN+ Str-4 Int+7}
   (Okawaru gifted it to you on level 2 of the Realm of Zot)

   It inflicts extra damage upon your enemies.
   It affects your strength (-4).
   It affects your intelligence (+7).
   It protects you from negative energy.
Armour
 a - the +13 plate armour of Wasted Space (worn) {*Contam rElec Int+5 SInv}
   (You bought it in a shop on level 2 of the Vaults)

   It affects your intelligence (+5).
   It insulates you from electricity.
   It lets you see invisible.
   It causes magical contamination when unequipped.
 l - a +2 pair of gloves of strength (worn)
 m - a +2 shield of positive energy (worn)
 n - a +0 large shield of positive energy
 p - a +2 cloak of magic resistance (worn)
 A - the +0 mask of the Dragon {MR+ Slay+3 SInv}
   (You bought it in a shop on level 1 of the Depths)

   It affects your accuracy and damage with ranged weapons and melee attacks
   (+3).
   It affects your resistance to hostile enchantments.
   It lets you see invisible.
 Q - the +1 pair of boots of Summertime (worn) {Str+4}
   (Okawaru gifted it to you on level 14 of the Dungeon)

   It affects your strength (+4).
 Y - the +4 helmet "Wiulacil" (worn) {MP+9 Int+2}
   (You found it on level 4 of the Depths)

   It affects your intelligence (+2).
   It affects your magic capacity (+9).
Jewellery
 B - the ring "Bioluzxado" {MR++ SInv Stlth-}
   (You bought it in a shop on level 2 of the Orcish Mines)

   [ring of attention]

   It affects your resistance to hostile enchantments.
   It lets you see invisible.
   It makes you less stealthy.
 E - a +6 ring of protection (left hand)
 F - an uncursed ring of stealth
 H - the ring "Yntac" {*Slow rPois rC+ Str+7 SInv}
   (You found it on level 1 of the Realm of Zot)

   [ring of protection from cold]

   It affects your strength (+7).
   It protects you from cold.
   It protects you from poison.
   It lets you see invisible.
   It may slow you when you take damage.
 I - an uncursed ring of stealth
 O - a +4 amulet of reflection (around neck)
 U - the ring of Acays (right hand) {rN+ Str+2 Slay+3}
   (You found it on level 3 of the Crypt)

   [ring of positive energy]

   It affects your strength (+2).
   It affects your accuracy and damage with ranged weapons and melee attacks
   (+3).
   It protects you from negative energy.
 W - an uncursed ring of positive energy
Wands
 c - a wand of enslavement (20)
 i - a wand of scattershot (6)
 r - a wand of iceblast (67)
 t - a wand of digging (8)
 u - a wand of polymorph (21)
 P - a wand of paralysis (29)
 R - a wand of flame (22)
 V - a wand of random effects (23)
Scrolls
 b - 2 scrolls of magic mapping
 e - 9 scrolls of fog
 g - 16 scrolls of teleportation
 j - 9 scrolls of fear
 k - a scroll of silence
 v - 15 scrolls of identify
 x - a scroll of summoning
 y - 23 scrolls of remove curse
 D - a scroll of enchant weapon
 S - 4 scrolls of blinking
Potions
 d - 6 potions of might
 h - 4 potions of agility
 o - 27 potions of curing
 s - 4 potions of invisibility
 w - 6 potions of haste
 C - 4 potions of berserk rage
 G - 4 potions of cancellation
 J - 3 potions of resistance
 N - 3 potions of ambrosia
 X - 2 potions of magic
Comestibles
 f - 63 rations


   Skills:
 + Level 22.4 Fighting
 + Level 22.7 Maces & Flails
 + Level 22.4 Armour
 + Level 18.9 Dodging
 + Level 22.5 Shields
 - Level 10.0 Invocations
 - Level 10.0 Evocations


You had 26 spell levels left.
You didn't know any spells.
Your spell library contained the following spells:

 Spells                   Type           Power        Failure   Level  Hunger
 Animate Skeleton         Necr           N/A          50%         1    ##.....
 Apportation              Tloc           #.....       50%         1    ##.....
 Beastly Appendage        Tmut           #.....       50%         1    ##.....
 Confusing Touch          Hex            #.....       50%         1    ##.....
 Corona                   Hex            #......      50%         1    ##.....
 Flame Tongue             Conj/Fire      #....        50%         1    ##.....
 Freeze                   Ice            #...         50%         1    ##.....
 Infusion                 Chrm           #...         50%         1    ##.....
 Magic Dart               Conj           #...         50%         1    ##.....
 Sandblast                Erth           #.....       50%         1    ##.....
 Shock                    Conj/Air       #...         50%         1    ##.....
 Sting                    Conj/Pois      #...         50%         1    ##.....
 Summon Small Mammal      Summ           #...         50%         1    ##.....
 Blink                    Tloc           N/A          65%         2    ###....
 Call Imp                 Summ           #.......     65%         2    ###....
 Ensorcelled Hibernation  Hex/Ice        #.....       65%         2    ###....
 Passwall                 Tmut/Erth      #.......     65%         2    ###....
 Poisonous Vapours        Pois/Air       #.....       65%         2    ###....
 Searing Ray              Conj           #.....       65%         2    ###....
 Shroud of Golubria       Chrm/Tloc      #.........   65%         2    ###....
 Slow                     Hex            #.......     65%         2    ###....
 Song of Slaying          Chrm           #.......     65%         2    ###....
 Sticks to Snakes         Tmut           #.......     65%         2    ###....
 Swiftness                Chrm/Air       #.......     65%         2    ###....
 Throw Frost              Conj/Ice       #.....       65%         2    ###....
 Call Canine Familiar     Summ           #.......     86%         3    ####...
 Confuse                  Hex            #.......     86%         3    ####...
 Conjure Flame            Conj/Fire      #.......     86%         3    ####...
 Dazzling Spray           Conj/Hex       #.....       86%         3    ####...
 Gell's Gravitas          Tloc           #.........   86%         3    ####...
 Ignite Poison            Fire/Tmut/Pois #.......     86%         3    ####...
 Inner Flame              Hex/Fire       #.......     86%         3    ####...
 Lesser Beckoning         Tloc           #.........   86%         3    ####...
 Mephitic Cloud           Conj/Pois/Air  #.......     86%         3    ####...
 Ozocubu's Armour         Chrm/Ice       #.......     86%         3    ####...
 Portal Projectile        Hex/Tloc       #.....       86%         3    ####...
 Recall                   Summ/Tloc      N/A          86%         3    ####...
 Regeneration             Chrm/Necr      #.........   86%         3    ####...
 Spectral Weapon          Hex/Chrm       #.......     86%         3    ####...
 Spider Form              Tmut/Pois      #.........   86%         3    ####...
 Static Discharge         Conj/Air       #.......     86%         3    ####...
 Stone Arrow              Conj/Erth      #.....       86%         3    ####...
 Summon Guardian Golem    Hex/Summ       #.......     86%         3    ####...
 Teleport Other           Tloc           #.......     86%         3    ####...
 Tukima's Dance           Hex            #.......     86%         3    ####...
 Airstrike                Air            #.........   99%         4    #####..
 Cause Fear               Hex            #.........   99%         4    #####..
 Force Lance              Conj/Tloc      #.......     99%         4    #####..
 Fulminant Prism          Conj/Hex       #.........   99%         4    #####..
 Ice Form                 Ice/Tmut       #.......     99%         4    #####..
 Iskenderun's Mystic Bla  Conj           #.......     99%         4    #####..
 Leda's Liquefaction      Hex/Erth       #.........   99%         4    #####..
 Olgreb's Toxic Radiance  Pois           #.......     99%         4    #####..
 Passage of Golubria      Tloc           N/A          99%         4    #####..
 Petrify                  Tmut/Erth      #.......     99%         4    #####..
 Summon Ice Beast         Ice/Summ       #.......     99%         4    #####..
 Summon Lightning Spire   Summ/Air       #.......     99%         4    #####..
 Throw Icicle             Conj/Ice       #.......     99%         4    #####..
 Alistair's Intoxication  Tmut/Pois      #.......     100%        5    ######.
 Aura of Abjuration       Summ           #.........   100%        5    ######.
 Blade Hands              Tmut           #.........   100%        5    ######.
 Bolt of Magma            Conj/Fire/Erth #.........   100%        5    ######.
 Fireball                 Conj/Fire      #.........   100%        5    ######.
 Irradiate                Conj/Tmut      #.........   100%        5    ######.
 Lee's Rapid Deconstruct  Erth           #.........   100%        5    ######.
 Lightning Bolt           Conj/Air       #.........   100%        5    ######.
 Metabolic Englaciation   Hex/Ice        #.........   100%        5    ######.
 Silence                  Hex/Air        #.........   100%        5    ######.
 Summon Demon             Summ           #.........   100%        5    ######.
 Summon Forest            Summ/Tloc      #.........   100%        5    ######.
 Summon Mana Viper        Hex/Summ       #.......     100%        5    ######.
 Venom Bolt               Conj/Pois      #.........   100%        5    ######.
 Yara's Violent Unravell  Hex/Tmut       #.........   100%        5    ######.
 Bolt of Cold             Conj/Ice       #.........   100%        6    #######
 Bolt of Fire             Conj/Fire      #.........   100%        6    #######
 Conjure Ball Lightning   Conj/Air       #.........   100%        6    #######
 Deflect Missiles         Chrm/Air       #.........   100%        6    #######
 Dispersal                Tloc           #.........   100%        6    #######
 Freezing Cloud           Conj/Ice/Air   #.........   100%        6    #######
 Hydra Form               Tmut           #.........   100%        6    #######
 Iron Shot                Conj/Erth      #.........   100%        6    #######
 Ozocubu's Refrigeration  Ice            #.........   100%        6    #######
 Poison Arrow             Conj/Pois      #.........   100%        6    #######
 Shadow Creatures         Summ           N/A          100%        6    #######
 Simulacrum               Ice/Necr       #.........   100%        6    #######
 Dragon Form              Tmut           #.........   100%        7    #######
 Malign Gateway           Summ/Tloc      #.........   100%        7    #######
 Ring of Flames           Chrm/Fire      #.........   100%        7    #######
 Chain Lightning          Conj/Air       #.........   100%        8    #######
 Controlled Blink         Tloc           N/A          100%        8    #######
 Disjunction              Tloc           #.........   100%        8    #######
 Ignition                 Fire           #.........   100%        8    #######
 Lehudib's Crystal Spear  Conj/Erth      #.........   100%        8    #######
 Dragon's Call            Summ           #.........   100%        9    #######
 Fire Storm               Conj/Fire      #.........   100%        9    #######
 Glaciate                 Conj/Ice       #.........   100%        9    #######
 Shatter                  Erth           #.........   100%        9    #######
 Tornado                  Air            #.........   100%        9    #######
 Sublimation of Blood     Necr           Unusable     N/A         2    N/A
 Statue Form              Tmut/Erth      Unusable     N/A         6    N/A

Dungeon Overview and Level Annotations

Branches:
Dungeon (15/15)            Temple (1/1) D:6            Lair (6/6) D:10
  Swamp (4/4) Lair:4        Snake (4/4) Lair:2        Slime (0/5) Lair:5
    Orc (2/2) D:9             Elf (3/3) Orc:2        Vaults (5/5) D:14
  Crypt (3/3) Vaults:3       Tomb (0/3) Crypt:3      Depths (5/5) D:15
    Zot (3/5) Depths:5

Altars:
Ashenzari
Cheibriados
Dithmenos
Elyvilon
Fedhas
Gozag
Hepliaklqana
Kikubaaqudgha
Makhleb
Nemelex Xobeh
Okawaru
Qazlal
Ru
Sif Muna
Trog
Uskayaw
Vehumet
Wu Jian
Xom
Yredelemnul
Zin
The Shining One
Beogh
Jiyva

Shops:
D:6 %   D:10 *   D:13 (=[(   Orc:2 [}=!   Elf:2 [   Snake:2 *   Snake:4 ?
Vaults:2 [([:   Vaults:5 ?   Zot:3 *   Depths:1 [*}[   Depths:2 }==

Portals:
Hell: Depths:1 Depths:2 Depths:3 Depths:4 Depths:5
Abyss: Depths:4
Pandemonium: Depths:3 Depths:4
Ziggurat: Depths:3

Annotations:
D:1 need flying to reach all


Innate Abilities, Weirdness & Mutations

You are resistant to torment.
Your stone body is resilient. (AC +20)
You are immune to poison.
Your large and strong wings let you fly indefinitely.
You resist negative energy. (rN+)
You are resistant to electric shocks. (rElec)
You can survive without breathing.
You are immune to petrification.
You are immune to rotting.
Scrolls take you longer to read.
You occasionally shout uncontrollably at your foes.
You are occasionally teleported next to monsters.


Message History

The orb of fire emits a lurid red light.
The fireball explodes!
The fireball engulfs you!!!!
The fireball engulfs the orb of fire.
The orb of fire completely resists.
You barely miss the orb of fire.
The orb of fire is moderately damaged.
You bludgeon the orb of fire!!
The orb of fire is moderately damaged.
You fade into invisibility!
The orb of fire glows deep purple.
The bolt of fire misses you.
You are very lightly contaminated with residual magic.
You barely miss the orb of fire.
The orb of fire is moderately damaged.
The orb of fire glows deep purple.
The fireball explodes!
The fireball engulfs you!!!
* * * LOW HITPOINT WARNING * * *
The fireball engulfs the orb of fire.
The orb of fire completely resists.
The orb of fire glows deep purple.
The fireball explodes!
The fireball engulfs you!!
You die...

........# #........).#...##.....
........####..........##..##.....
......................##..#######
............############..# ###
............'..........[.>###.###
......#.....###.#########..##....
############# #..### #..##.##. #
##...# #...#.### # ##@''##
#.#.#.### # ###.....### #(#.#.#..
# ## ##.*..)....###.....#.# # ...
##...........###.#..#.# ....
#.............##....#.# .....
##.....###.....###...#.#
......#.....## ##.....##...#.#
?q..d.'....## ##....###..#..
$$....'....# #....###..#'#


You could see an orb of fire.

Vanquished Creatures
  Tiamat (Zot:2)
  2 ancient liches
  Khufu (Crypt:3)
  An orb of fire (Zot:3)
  Mara (Vaults:2)
  A juggernaut (Depths:4)
  A greater mummy (Crypt:3)
  Sojobo (Vaults:4)
  Bai Suzhen (Crypt:3)
  Margery (Depths:5)
  Xtahua (Vaults:2)
  A caustic shrike (Depths:2)
  A curse toe (Zot:3)
  Vashnia (Snake:4)
  11 golden dragons
  2 bone dragons (Crypt:3)
  The ghost of dracomuter the Warrior, a veteran TeCj of Vehumet (Depths:2)
  2 electric golems
  4 liches
  15 tentacled monstrosities
  5 titans
  An Ice Fiend (IceCv)
  A deep elf master archer (Elf:3)
  4 deep elf blademasters (Elf:3)
  4 quicksilver dragons
  3 sphinxes
  6 shadow dragons
  10 death cobs
  An eldritch tentacle (WizLab)
  Gastronok (Lair:2)
  9 ancient champions
  2 thorn hunters (Swamp:4)
  Kirke (Snake:4)
  17 tengu reavers
  Donald (Snake:3)
  5 draconian monks
  A tentacled starspawn (WizLab)
  8 storm dragons
  2 revenants (Crypt:1)
  The ghost of Tubigim the Markscentaur, an adept CeHu of Okawaru (Snake:3)
  Roxanne (Swamp:1)
  6 nagarajas
  5 draconian knights
  9 deep elf sorcerers
  A daeva (Depths:3)
  Aizul (Snake:4)
  A fire giant (shapeshifter) (Vaults:4)
  13 vault wardens
  2 juggernaut zombies
  4 draconian scorchers
  An orc warlord (Orc:2)
  2 iron dragons (Vaults:5)
  14 fire giants
  14 frost giants
  6 ghouls (Crypt:2)
  A draconian stormcaller (Zot:1)
  4 draconian shifters
  3 deep elf elementalists
  23 very ugly things
  5 draconian annihilators
  3 curse skulls
  14 ironheart preservers
  25 stone giants
  A war gargoyle (Vaults:5)
  5 entropy weavers
  A spriggan defender (Depths:5)
  3 reapers (Crypt:3)
  4 vampire knights
  10 black draconians
  5 deep elf demonologists
  7 green draconians
  5 white draconians
  8 red draconians
  9 yellow draconians
  3 spark wasps
  11 purple draconians
  4 eidola
  9 deep elf annihilators
  A blizzard demon (Depths:3)
  14 ettins
  10 deep elf death magi
  21 yaktaur captains
  The ghost of Gedi the Grappler, a journeyman TrMo of Wu Jian (Orc:1)
  5 jiangshi
  9 fire dragons
  7 great orbs of eyes
  A rakshasa (WizLab)
  33 vault guards
  9 deep elf high priests
  24 hydras
  Harold (D:8)
  2 ghost crabs
  A shambling mangrove (Swamp:2)
  A catoblepas (Lair:6)
  17 naga warriors
  11 centaur warriors
  67 two-headed ogres
  14 ice dragons
  8 death knights
  5 anacondas
  A spriggan air mage (Depths:5)
  23 ogre magi
  Erica (D:9)
  A queen ant (Lair:6)
  28 dancing weapons
  5 deep troll shamans
  8 vampire magi
  12 alligators
  2 thrashing horrors (WizLab)
  4 shock serpents
  11 tengu warriors
  12 naga sharpshooters
  4 orc high priests (Orc:2)
  10 spriggan berserkers
  17 deep elf knights
  5 deep troll earth magi
  A small abomination (Vaults:5)
  The ghost of fluff the Basher, a novice MiFi of the Shining One (D:7)
  2 iron trolls
  4 shadow wraiths
  3 salamander mystics
  3 sixfirhies (Depths:3)
  A sea snake (shapeshifter) (Vaults:5)
  9 hell knights
  A storm dragon skeleton (Crypt:3)
  73 skeletal warriors
  2 unseen horrors
  11 flayed ghosts
  9 swamp dragons
  22 deep trolls
  11 wizards
  11 naga ritualists
  5 glowing orange brains
  Pikel (D:9)
  15 ironbrand convokers
  A lindwurm (Lair:6)
  2 anaconda skeletons (WizLab)
  10 phantasmal warriors
  An obsidian statue (WizLab)
  8 necromancers
  5 harpies (Vaults:3)
  4 golden dragon skeletons
  2 tengu zombies
  12 mana vipers
  8 deep elf archers
  51 deep elf magi
  2 fire giant zombies
  13 orc knights
  3 worldbinders (WizLab)
  48 ugly things
  A stone giant zombie (Vaults:5)
  8 orc sorcerers
  An iron dragon zombie (Crypt:2)
  2 shadow dragon skeletons (Crypt:3)
  3 wolf spiders
  3 iron dragon skeletons
  10 cyclopes
  3 manticores
  13 salamanders
  12 oklob plants
  23 moths of wrath
  3 centaur zombies
  17 vault sentinels
  5 elephants (Lair:5)
  38 black mambas
  A spectral shock serpent (Snake:3)
  A shock serpent zombie (Crypt:1)
  A fire giant skeleton (Crypt:3)
  A rust devil (Depths:1)
  A black mamba (shapeshifter) (D:13)
  2 frost giant skeletons
  A titan simulacrum (Crypt:2)
  A stone giant skeleton (Crypt:3)
  A shock serpent skeleton (Crypt:1)
  3 orange demons
  An ice statue (IceCv)
  26 naga magi
  A gargoyle (D:15)
  2 guardian serpents
  3 molten gargoyles (Lair:6)
  A spiny frog (shapeshifter) (Vaults:2)
  A yaktaur zombie (D:15)
  A rime drake (shapeshifter) (Depths:4)
  12 spiny frogs
  3 rime drakes
  2 kobold demonologists
  A dire elephant skeleton (Crypt:3)
  3 efreet
  A komodo dragon (shapeshifter) (Vaults:1)
  20 freezing wraiths
  A hydra zombie (Crypt:2)
  2 golden dragon simulacra (IceCv)
  A hellwing (Depths:3)
  54 yaktaurs
  7 ice devils (IceCv)
  A demonic crawler (WizLab)
  14 komodo dragons
  2 anaconda simulacra (IceCv)
  A yaktaur skeleton (Vaults:5)
  4 red devils
  4 polar bears
  6 trolls
  2 meliai (shapeshifter)
  8 tengu conjurers
  A tyrant leech (shapeshifter) (Elf:3)
  A meliai (D:10)
  13 tyrant leeches
  9 hornets
  A jumping spider (shapeshifter) (Depths:3)
  A queen bee (shapeshifter) (D:15)
  18 blink frogs
  A merfolk (shapeshifter) (Depths:4)
  Prince Ribbit (D:5)
  A blink frog (shapeshifter) (D:15)
  7 bog bodies
  13 slime creatures
  An ettin zombie (Vaults:2)
  A meliai zombie (Crypt:2)
  13 dream sheep
  2 spectral black mambas (Snake:3)
  An alligator zombie (Crypt:3)
  A human simulacrum (Vaults:1)
  2 ice dragon zombies
  8 hippogriffs
  34 flying skulls
  A tarantella (shapeshifter) (Vaults:1)
  37 yaks
  5 redbacks (Vaults:4)
  A spriggan (shapeshifter) (Depths:1)
  A shock serpent simulacrum (Snake:3)
  An ettin skeleton (Crypt:3)
  A deep troll skeleton (WizLab)
  12 wraiths
  2 dire elephant simulacra (IceCv)
  A large abomination (WizLab)
  A wyvern (D:14)
  A yak (shapeshifter) (Vaults:5)
  2 ynoxinuls (WizLab)
  2 redbacks (shapeshifter)
  A wind drake zombie (Crypt:1)
  12 spriggans
  5 shadows
  Eustachio (D:6)
  18 water elementals
  3 fire elementals
  A black mamba skeleton (Crypt:3)
  A hog (Snake:4)
  8 basilisks
  A basilisk (shapeshifter) (Depths:1)
  A yaktaur simulacrum (Vaults:5)
  A steam dragon (Lair:6)
  Menkaure (D:6)
  8 wargs
  24 nagas
  22 vampire mosquitoes
  23 soldier ants
  6 insubstantial wisps
  2 harpy simulacra (IceCv)
  5 iron troll simulacra (IceCv)
  A death yak simulacrum (IceCv)
  7 spatial vortices (WizLab)
  14 swamp worms
  An acid dragon (Vaults:2)
  An infernal demonspawn zombie (Crypt:3)
  A two-headed ogre zombie (Crypt:1)
  17 water moccasins
  2 hydra simulacra (IceCv)
  5 porcupines
  3 human skeletons
  6 hell hounds
  3 spectral nagas (Snake:3)
  A gelid demonspawn skeleton (WizLab)
  A spiny frog skeleton (Crypt:3)
  52 orc warriors
  13 swamp drakes
  A lindwurm zombie (Crypt:3)
  2 black bears
  7 ice beasts
  A manticore zombie (Crypt:2)
  An elf zombie (Vaults:2)
  An eye of draining (shapeshifter) (Vaults:1)
  4 phantoms
  A black mamba simulacrum (Snake:3)
  3 sky beasts
  An elephant zombie (Crypt:1)
  3 necrophages
  58 ogres
  33 centaurs
  3 eyes of draining
  9 wolves
  12 boggarts
  A manticore skeleton (Crypt:3)
  An elf skeleton (Vaults:2)
  8 crocodiles
  17 bullfrogs
  6 big kobolds
  3 wyvern zombies
  8 scorpions
  A polar bear zombie (Crypt:2)
  13 killer bees
  A raiju skeleton (Crypt:2)
  A troll skeleton (Crypt:3)
  4 wights (Crypt:2)
  11 howler monkeys
  5 lava snakes (Lair:6)
  7 crimson imps
  2 draconian simulacra (IceCv)
  A quasit (D:9)
  6 hounds
  3 jellies
  2 human zombies
  37 orc priests
  Crazy Yiuf (D:5)
  5 centaur skeletons
  A demonspawn skeleton (Crypt:3)
  Terence (D:2)
  4 iguanas
  31 orc wizards
  33 worker ants
  A wolf simulacrum (IceCv)
  4 naga simulacra
  A porcupine skeleton (Crypt:1)
  2 spriggan simulacra (IceCv)
  2 troll simulacra (IceCv)
  A naga zombie (Crypt:3)
  2 centaur simulacra (IceCv)
  A naga skeleton (Crypt:3)
  A tengu skeleton (Crypt:1)
  A hound skeleton (D:9)
  5 mummies
  A worker ant zombie (D:6)
  6 gnolls
  A howler monkey skeleton (Crypt:2)
  A scorpion zombie (Crypt:2)
  18 adders
  3 shadow imps
  6 white imps
  8 ufetubi (IceCv)
  An adder zombie (D:7)
  An adder skeleton (D:5)
  2 worms (D:2)
  3 dart slugs
  5 leopard geckos
  155 orcs
  5 ball pythons
  6 giant cockroaches
  2 goblins
  3 hobgoblins (D:2)
  12 jackals
  26 kobolds
  2 quokkas
  8 bats
  5 frilled lizards
  A giant cockroach zombie (D:6)
  A gnoll skeleton (Crypt:2)
  3 goblin zombies (Ossuary)
  4 hobgoblin zombies (Ossuary)
  A jackal zombie (D:5)
  4 kobold zombies (Ossuary)
  A leopard gecko skeleton (D:7)
  An orc zombie (Ossuary)
  A quokka skeleton (D:4)
  5 rats
  A rat skeleton (Crypt:3)
  7 bushes
  2 crawling corpses (Vaults:5)
  2 fungi (Zot:3)
  A lurking horror (WizLab)
  10 plants
  A starspawn tentacle (WizLab)
2648 creatures vanquished.

Vanquished Creatures (others)
  Asterion (Elf:1)
  A tengu reaver (Depths:5)
  A yaktaur captain (Depths:5)
  2 centaur warriors (Depths:2)
  A necromancer (Depths:5)
  An apocalypse crab (WizLab)
  A naga mage (Snake:4)
  A vault sentinel (Vaults:5)
  7 yaktaurs
  A flying skull (Crypt:3)
  4 humans (Snake:4)
  An orc warrior (Vaults:5)
  3 slaves (D:9)
  A centaur (D:15)
  2 ogres
  A jelly (D:15)
  5 orcs
  3 briar patches (Swamp:4)
  A bush (Depths:2)
  A crawling corpse (Vaults:5)
  3 fungi
  A lurking horror (WizLab)
  21 plants
  A starspawn tentacle (WizLab)
  8 withered plants (D:15)
73 creatures vanquished.

Grand Total: 2721 creatures vanquished

Notes
Turn   | Place    | Note
-------+----------+-------------------------------------------
     0 | D:1      | Rwicked2 the Gargoyle Fighter began the quest for the Orb.
     0 | D:1      | Reached XP level 1. HP: 14/14 MP: 1/1
   338 | D:1      | Reached XP level 2. HP: 13/19 MP: 2/2
   806 | D:2      | Reached XP level 3. HP: 10/23 MP: 3/3
  1059 | D:2      | Noticed Terence
  1079 | D:2      | Killed Terence
  1079 | D:2      | Reached XP level 4. HP: 13/28 MP: 4/4
  1113 | D:2      | Reached skill level 5 in Maces & Flails
  1298 | D:2      | Reached XP level 5. HP: 32/32 MP: 5/5
  1822 | D:3      | Found a snail-covered altar of Cheibriados.
  2135 | D:3      | Reached XP level 6. HP: 23/37 MP: 6/6
  3011 | D:4      | Found a shattered altar of Ashenzari.
  3310 | D:5      | Entered Level 5 of the Dungeon
  3333 | D:5      | Noticed an ice beast
  3358 | D:4      | Reached XP level 7. HP: 15/41 MP: 7/7
  3964 | D:5      | Reached XP level 8. HP: 46/46 MP: 8/8
  4197 | D:5      | Found a runed translucent door.
  4198 | D:5      | Noticed Crazy Yiuf
  4203 | D:5      | Killed Crazy Yiuf
  4302 | D:5      | Found a sparkling altar of Nemelex Xobeh.
  4542 | D:5      | Noticed Prince Ribbit
  4942 | D:5      | Killed Prince Ribbit
  4942 | D:5      | Reached skill level 10 in Maces & Flails
  5099 | D:6      | Found a staircase to the Ecumenical Temple.
  5113 | D:6      | Noticed Eustachio
  5134 | D:6      | Killed Eustachio
  5166 | D:6      | Found Ylahofen's Food Emporium.
  5173 | Temple   | Entered the Ecumenical Temple
  5215 | Temple   | Became a worshipper of Warmaster Okawaru
  5354 | D:6      | Reached XP level 9. HP: 51/51 MP: 9/9
  5410 | D:6      | Noticed Menkaure
  5416 | D:6      | Killed Menkaure
  5945 | D:6      | Found a sacrificial altar of Ru.
  6449 | D:7      | Reached * piety under Okawaru
  6489 | D:7      | Found a sand-covered staircase.
  6496 | Ossuary  | Entered an ossuary
  7049 | D:7      | Got an iridescent glaive
  7270 | D:7      | Reached ** piety under Okawaru
  7270 | D:7      | Reached XP level 10. HP: 56/56 MP: 10/10
  7344 | D:7      | Found a glowing golden altar of the Shining One.
  7769 | D:8      | Found an ancient bone altar of Kikubaaqudgha.
  8036 | D:8      | Found a white marble altar of Elyvilon.
  8064 | D:8      | Reached skill level 1 in Invocations
  8230 | D:8      | Got an ichor-stained whip
  8231 | D:8      | Identified the +1 whip of Qeyt {speed, rF- Dex+7} (You
                  | found it on level 8 of the Dungeon)
  8297 | D:8      | Found a runed translucent door.
  8298 | D:8      | Noticed fluff's ghost (novice MiFi)
  8432 | D:7      | Killed fluff's ghost
  8432 | D:7      | Reached skill level 1 in Dodging
  8432 | D:7      | Reached skill level 1 in Evocations
  8873 | D:9      | Noticed a two-headed ogre
  8889 | D:9      | Noticed Pikel
  9074 | D:9      | Noticed Harold
  9328 | D:8      | Reached *** piety under Okawaru
  9342 | D:8      | Killed Harold
  9568 | D:9      | Reached XP level 11. HP: 62/62 MP: 13/13
  9588 | D:9      | Killed a two-headed ogre
  9588 | D:9      | Reached **** piety under Okawaru
  9588 | D:9      | Reached skill level 5 in Fighting
  9588 | D:9      | Reached skill level 5 in Armour
  9588 | D:9      | Reached skill level 5 in Shields
  9945 | D:9      | Killed Pikel
 10052 | D:9      | Found a staircase to the Orcish Mines.
 10250 | D:9      | Found a hide-covered altar of Uskayaw.
 10259 | D:9      | Found a bloodstained altar of Trog.
 10261 | D:9      | Found a radiant altar of Vehumet.
 10315 | D:9      | Noticed Erica
 10327 | D:9      | Killed Erica
 10383 | D:10     | Entered Level 10 of the Dungeon
 10491 | D:10     | Reached ***** piety under Okawaru
 10845 | D:10     | Reached skill level 5 in Invocations
 10924 | D:10     | Found a staircase to the Lair.
 11005 | D:10     | Found Ytuishru's General Store.
 11424 | Lair:1   | Entered Level 1 of the Lair of Beasts
 11954 | Lair:1   | Received a gift from Okawaru
 11961 | Lair:1   | Reached XP level 12. HP: 55/71 MP: 16/16
 12700 | Lair:2   | Found a staircase to the Snake Pit.
 12894 | Lair:2   | Found a sacrificial altar of Ru.
 12991 | Lair:2   | Noticed Gastronok
 13010 | Lair:2   | Killed Gastronok
 13010 | Lair:2   | Reached skill level 5 in Evocations
 13777 | Lair:2   | Identified the +5 glaive "Koif" {venom, rPois rC+} (You
                  | found it on level 7 of the Dungeon)
 14022 | Lair:3   | Noticed an eight-headed hydra
 14032 | Lair:3   | Killed an eight-headed hydra
 14297 | Lair:3   | Reached skill level 5 in Dodging
 14568 | Lair:3   | Noticed a five-headed hydra
 14579 | Lair:3   | Killed a five-headed hydra
 14579 | Lair:3   | Received a gift from Okawaru
 14580 | Lair:3   | Found the +8 storm bow {elec}
 14658 | Lair:3   | Reached XP level 13. HP: 62/78 MP: 18/18
 15577 | Lair:4   | Found a staircase to the Swamp.
 15793 | Lair:4   | Reached ****** piety under Okawaru
 16177 | Lair:5   | Received a gift from Okawaru
 16294 | Lair:5   | Found a staircase to the Slime Pits.
 16298 | Lair:5   | Found a viscous altar of Jiyva.
 16798 | Lair:6   | Entered Level 6 of the Lair of Beasts
 17172 | Lair:6   | Noticed an entropy weaver
 17178 | Lair:6   | Noticed an entropy weaver
 17205 | Lair:6   | Gained mutation: Your large and strong wings let you fly
                  | indefinitely. [Gargoyle growth]
 17205 | Lair:6   | Reached XP level 14. HP: 86/86 MP: 20/20
 18532 | Lair:6   | Received a gift from Okawaru
 18836 | Lair:6   | Found a large runed translucent door.
 18836 | Lair:6   | Found a large runed translucent door.
 19547 | Lair:6   | Identified a scroll of acquirement
 19643 | Lair:5   | Killed an entropy weaver
 19643 | Lair:5   | Reached skill level 10 in Armour
 19821 | Lair:5   | Killed an entropy weaver
 19821 | Lair:5   | Reached skill level 10 in Shields
 20533 | Orc:1    | Entered Level 1 of the Orcish Mines
 20557 | D:9      | Reached skill level 10 in Fighting
 21049 | Orc:1    | Found a runed translucent door.
 21049 | Orc:1    | Noticed Gedi's ghost (journeyman TrMo)
 21081 | Orc:1    | Killed Gedi's ghost
 21308 | Orc:1    | Got an encrusted dire flail
 21315 | Orc:1    | Identified the +7 dire flail of Vurawijari {speed, rPois
                  | Str+4 Stlth+} (You found it on level 1 of the Orcish Mines)
 21367 | Orc:2    | Entered Level 2 of the Orcish Mines
 21987 | Orc:2    | Found a roughly hewn altar of Beogh.
 22001 | Orc:2    | Reached skill level 10 in Invocations
 22115 | Orc:2    | Found Siazur's Armour Emporium.
 22151 | Orc:2    | Found Korr's Gadget Shoppe.
 22165 | Orc:2    | Received a gift from Okawaru
 22278 | Orc:2    | Noticed a stone giant
 22291 | Orc:2    | Killed a stone giant
 22413 | Orc:2    | Reached XP level 15. HP: 90/92 MP: 22/22
 22784 | Orc:2    | Noticed an orc warlord
 22828 | Orc:2    | Killed an orc warlord
 23167 | Orc:2    | Found Heshrita's Distillery.
 23220 | Orc:2    | Found Piof's Jewellery Shop.
 23265 | Orc:2    | HP: 4/92 [smoke demon/divine providence[an orc high priest]
                  | (15)]
 23596 | Orc:2    | Gained mutation: You occasionally shout uncontrollably at
                  | your foes. [a neqoxec]
 23613 | Orc:2    | Bought the ring "Bioluzxado" {MR++ SInv Stlth-} for 352
                  | gold pieces
 23630 | Orc:2    | Found a roughly hewn altar of Beogh.
 24295 | Orc:2    | Found a staircase to the Elven Halls.
 24611 | D:11     | Reached skill level 10 in Evocations
 25106 | D:12     | Received a gift from Okawaru
 25178 | D:12     | Reached skill level 10 in Dodging
 26410 | D:13     | Received a gift from Okawaru
 26467 | D:13     | Found Dankeipp's Jewellery Boutique.
 26536 | D:13     | Found Enaet's Armour Shop.
 26714 | D:13     | Found Ravunac's Weapon Shop.
 27007 | D:13     | Found Xuodasia's Antique Weapon Shoppe.
 27236 | D:14     | Found the +3 giant club "Skullcrusher" {speed, Str+7}
 27662 | D:14     | Reached XP level 16. HP: 58/99 MP: 23/23
 27865 | D:14     | Found a gate to the Vaults.
 28731 | D:14     | Received a gift from Okawaru
 28732 | D:14     | Got a pair of translucent boots {god gift}
 28743 | D:14     | Identified the +1 pair of boots of Summertime {Str+4}
                  | (Okawaru gifted it to you on level 14 of the Dungeon)
 28951 | D:15     | Entered Level 15 of the Dungeon
 28952 | D:15     | Found a runed translucent door.
 28960 | D:15     | Noticed a tengu reaver
 29144 | D:15     | Killed a tengu reaver
 29153 | D:15     | Got a crude rapier
 29234 | D:15     | Paralysed by an ogre mage for 6 turns
 29483 | D:15     | Found a staircase to the Depths.
 29521 | D:15     | Reached skill level 15 in Maces & Flails
 29527 | D:15     | Received a gift from Okawaru
 29849 | D:15     | Reached XP level 17. HP: 106/106 MP: 24/24
 30355 | Elf:1    | Entered Level 1 of the Elven Halls
 30668 | Elf:1    | Noticed Asterion
 30704 | Elf:1    | Killed Asterion
 30730 | Orc:2    | HP: 5/106 [+2 battleaxe of draining (2)]
 31308 | Elf:1    | Identified the Catalogue of Creation
 31472 | Elf:1    | Cast into level 3 of the Abyss (a deep elf sorcerer)
 31540 | Elf:1    | Escaped the Abyss
 31568 | Elf:1    | Received a gift from Okawaru
 31569 | Elf:1    | Got a faintly glowing hat {god gift}
 31582 | Elf:1    | Identified the +0 hat "Jodiw" {+Blink Int+3 Stlth+}
                  | (Okawaru gifted it to you on level 1 of the Elven Halls)
 31657 | Elf:1    | You are sucked into a shaft!
 32068 | Elf:2    | Found a runed translucent gate.
 32068 | Elf:2    | Found a runed translucent gate.
 32069 | Elf:2    | Found a runed translucent gate.
 32310 | Elf:2    | Received a gift from Okawaru
 32311 | Elf:2    | Got a polished ring mail {god gift}
 32322 | Elf:2    | Identified the +0 ring mail of Oblivion {rElec rCorr Str-3}
                  | (Okawaru gifted it to you on level 2 of the Elven Halls)
 32449 | Elf:2    | Reached XP level 18. HP: 113/113 MP: 25/25
 32497 | Elf:2    | Found Meem's Antique Armour Emporium.
 32646 | Elf:2    | Found an ancient bone altar of Kikubaaqudgha.
 33344 | Lair:2   | Identified the +10 rapier "Tormentor" {protect, rC++ rN+
                  | Int+4 Dex-4} (You found it on level 15 of the Dungeon)
 33508 | Swamp:1  | Entered Level 1 of the Swamp
 33569 | Swamp:1  | Noticed Roxanne
 33697 | Swamp:1  | Killed Roxanne
 35766 | Swamp:4  | Entered Level 4 of the Swamp
 35846 | Swamp:4  | Received a gift from Okawaru
 36379 | Swamp:4  | Got a decaying rune of Zot
 36439 | Swamp:4  | Received a gift from Okawaru
 36951 | Snake:1  | Entered Level 1 of the Snake Pit
 37030 | Snake:1  | Reached XP level 19. HP: 113/120 MP: 20/26
 37290 | Snake:1  | Found the +5 robe of Misfortune {*Contam Harm *Corrode
                  | *Drain *Slow EV+5}
 37870 | Snake:2  | Got a transparent dagger
 38251 | Snake:2  | Found Leasuwuo's General Store.
 38505 | Snake:3  | Found a flickering gateway to a bazaar.
 38539 | Bazaar   | Entered a bazaar
 38553 | Bazaar   | Found Baang's Book Emporium.
 38581 | Bazaar   | Found Jiosasch's Book Shoppe.
 38805 | Snake:3  | Found a runed translucent gate.
 38805 | Snake:3  | Found a runed translucent gate.
 38807 | Snake:3  | Found a runed translucent gate.
 38812 | Snake:3  | Noticed Tubigim's ghost (adept CeHu)
 38873 | Snake:3  | Killed Tubigim's ghost
 38922 | Snake:3  | Received a gift from Okawaru
 38923 | Snake:3  | Got an ancient crystal plate armour {god gift}
 38934 | Snake:3  | Identified the +1 crystal plate armour of Losor {rF+ Str+3
                  | SInv} (Okawaru gifted it to you on level 3 of the Snake
                  | Pit)
 38989 | Snake:3  | Got a steaming cloak
 39000 | Snake:3  | Identified the +0 cloak of Intercession {rPois} (You
                  | acquired it on level 3 of the Snake Pit)
 39193 | Snake:3  | Noticed Donald
 39207 | Snake:3  | Killed Donald
 39519 | Snake:4  | Entered Level 4 of the Snake Pit
 39555 | Snake:4  | Noticed Vashnia
 39603 | Snake:4  | Found Vibonut's Magic Scroll Boutique.
 39632 | Snake:4  | Killed Vashnia
 39660 | Snake:4  | Found a frozen archway.
 39666 | IceCv    | Entered an ice cave
 39816 | IceCv    | Identified the cursed +2 dagger of a Billion Wonders
                  | {flame, *Noise rF+ Dex+2 SInv} (You found it on level 2 of
                  | the Snake Pit)
 40125 | IceCv    | Got a transparent mace
 40126 | IceCv    | Identified the +5 mace of Hemnom Mamiy {freeze, *Contam
                  | +Inv Dex+4} (You found it in an ice cave)
 40434 | IceCv    | Noticed an Ice Fiend
 40483 | IceCv    | Killed an Ice Fiend
 40854 | Snake:4  | Noticed Aizul
 40870 | Snake:4  | Killed Aizul
 40875 | Snake:4  | Noticed Kirke
 40889 | Snake:4  | Killed Kirke
 41112 | Snake:4  | Received a gift from Okawaru
 41112 | Snake:4  | Reached XP level 20. HP: 97/128 MP: 27/27
 41184 | Snake:4  | Reached skill level 15 in Shields
 41291 | Snake:4  | Reached skill level 15 in Fighting
 41291 | Snake:4  | Reached skill level 15 in Armour
 41370 | Snake:4  | Got a serpentine rune of Zot
 41960 | Snake:4  | Got a distressingly furry chain mail
 41971 | Snake:4  | Identified the +8 chain mail "Zoemmaz" {rN+ Dex+2} (You
                  | found it on level 4 of the Snake Pit)
 42355 | Elf:3    | Entered Level 3 of the Elven Halls
 42395 | Elf:3    | Found a magical portal.
 42409 | WizLab   | Entered The Roulette of Golubria
 42409 | WizLab   | Found a transporter.
 42420 | WizLab   | Found a corrupted altar of Lugonu.
 42518 | WizLab   | Found a transporter.
 42560 | WizLab   | Found a transporter.
 42582 | WizLab   | Found a transporter.
 42607 | WizLab   | Found a transporter.
 42642 | WizLab   | Found a transporter.
 42708 | WizLab   | Received a gift from Okawaru
 42712 | WizLab   | Found a transporter.
 42735 | WizLab   | Found a transporter.
 42773 | WizLab   | Found a transporter.
 42790 | WizLab   | Found a corrupted altar of Lugonu.
 42793 | WizLab   | Found a transporter.
 42801 | WizLab   | Found a transporter.
 42838 | WizLab   | Found a transporter.
 42872 | WizLab   | Found a corrupted altar of Lugonu.
 42873 | WizLab   | Found a transporter.
 42953 | WizLab   | Found a transporter.
 43064 | WizLab   | Got an ichor-stained cloak
 43075 | WizLab   | Identified the +1 cloak of Shielding {+Blink rF+ Dex+3}
                  | (You found it in a wizard's laboratory)
 43075 | WizLab   | Identified Golubria's Tome of Displacement
 43122 | WizLab   | Identified Golubria's Guide on the Voyage
 43189 | WizLab   | Found a transporter.
 43189 | WizLab   | Found a transporter.
 43268 | WizLab   | Found a transporter.
 43268 | WizLab   | Found a transporter.
 43294 | WizLab   | Found a transporter.
 43364 | WizLab   | Found a transporter.
 44128 | Elf:3    | Got an ancient scale mail
 44151 | Elf:3    | Identified the +6 scale mail of Polish {rC+} (You found it
                  | on level 3 of the Elven Halls)
 44188 | Elf:3    | Received a gift from Okawaru
 44323 | Elf:3    | Identified the +6 scimitar "Beastslayer" {slice, +Rage
                  | Dex+2}
 44323 | Elf:3    | Identified the ring "Batytt" {rF++ Stlth-}
 45046 | Elf:3    | Identified the +5 executioner's axe of Fathuim {drain,
                  | Dex+6}
 45105 | Elf:3    | Noticed a Tzitzimitl
 45167 | Elf:3    | Received a gift from Okawaru
 45550 | Elf:3    | Reached XP level 21. HP: 114/136 MP: 23/28
 47041 | Elf:3    | Identified the Disquisition on Supportive Displacement
 47044 | Elf:3    | Got a pitted fustibalus
 47066 | Elf:3    | Identified a +0 pair of boots of running (You found it on
                  | level 3 of the Elven Halls)
 47565 | Lair:2   | Identified the +2 fustibalus "Tacvoh" {freeze, Str+3} (You
                  | found it on level 3 of the Elven Halls)
 47797 | Vaults:1 | Entered Level 1 of the Vaults
 48541 | Vaults:1 | Received a gift from Okawaru
 48684 | Vaults:1 | Received a gift from Okawaru
 49307 | Vaults:2 | Found Evvif's Antique Weapon Shoppe.
 49334 | Vaults:2 | Noticed Xtahua
 49334 | Vaults:2 | Noticed Mara
 49335 | Vaults:2 | Noticed Rwicked2's illusion
 49340 | Vaults:2 | Paralysed by Xtahua for 4 turns
 49691 | Vaults:2 | Found Kois's Antique Armour Shop.
 49699 | Vaults:2 | Bought a faintly glowing plate armour for 560 gold pieces
 49709 | Vaults:2 | Identified the +13 plate armour of Wasted Space {*Contam
                  | rElec Int+5 SInv} (You bought it in a shop on level 2 of
                  | the Vaults)
 49880 | Vaults:2 | Found a blossoming altar of Fedhas.
 49973 | Vaults:2 | Found Jeakh's Book Emporium.
 50436 | Vaults:2 | Noticed Rwicked2's illusion
 50448 | Vaults:2 | Killed Mara
 50448 | Vaults:2 | Received a gift from Okawaru
 50452 | Vaults:2 | Got a smoking hat {god gift}
 50463 | Vaults:2 | Identified the +1 hat of the True Pharaoh {Int+3 Dex+2}
                  | (Okawaru gifted it to you on level 2 of the Vaults)
 50516 | Vaults:2 | Killed Xtahua
 50792 | Vaults:2 | Reached XP level 22. HP: 144/144 MP: 29/29
 50958 | Vaults:2 | Found Neaxt's Antique Armour Shop.
 52010 | Vaults:3 | Found a staircase to the Crypt.
 52010 | Vaults:3 | Found a basalt altar of Yredelemnul.
 52011 | Vaults:3 | Found an ancient bone altar of Kikubaaqudgha.
 52648 | Vaults:4 | Received a gift from Okawaru
 52719 | Vaults:4 | Found a flickering gateway to a bazaar.
 52724 | Bazaar   | Entered a bazaar
 52725 | Bazaar   | Found Casevyfu's Food Emporium.
 52725 | Bazaar   | Found Koank's Antique Weapon Emporium.
 52726 | Bazaar   | Found Jywneohue's Jewellery Shop.
 52743 | Bazaar   | Bought a +4 amulet of reflection for 378 gold pieces
 52761 | Bazaar   | Found Kiujeont's General Store.
 54087 | Vaults:4 | Reached skill level 15 in Dodging
 54289 | Vaults:4 | Reached XP level 23. HP: 150/150 MP: 30/30
 54303 | Vaults:4 | Received a gift from Okawaru
 54311 | Vaults:4 | Got a scorched ring mail {god gift}
 54779 | Lair:2   | Reached XP level 24. HP: 156/156 MP: 30/30
 54785 | Lair:2   | Identified the +0 ring mail of the Gusle {rF+} (Okawaru
                  | gifted it to you on level 4 of the Vaults)
 54947 | Depths:1 | Entered Level 1 of the Depths
 55619 | Depths:1 | Found a gateway to Hell.
 55997 | Depths:1 | Found Esuzul's Gadget Shoppe.
 55998 | Depths:1 | Found Jexefymm's Armour Shoppe.
 55998 | Depths:1 | Found Soegesm's Antique Armour Emporium.
 56023 | Depths:1 | Found Azael's Assorted Antiques.
 56049 | Depths:1 | Bought the +0 mask of the Dragon {MR+ Slay+3 SInv} for 434
                  | gold pieces
 56049 | Depths:1 | Found the +0 mask of the Dragon {MR+ Slay+3 SInv}
 56553 | Depths:2 | Noticed a caustic shrike
 56583 | Depths:2 | Received a gift from Okawaru
 57352 | Depths:2 | Found Vixoihoddi's Jewellery Shop.
 57353 | Depths:2 | Found Byprarph's Gadget Shoppe.
 57354 | Depths:2 | Found Roiwkauwk's Jewellery Shop.
 57436 | Depths:2 | Found a runed translucent door.
 57436 | Depths:2 | Noticed dracomuter's ghost (veteran TeCj)
 57450 | Depths:2 | Killed dracomuter's ghost
 57827 | Depths:2 | Killed a caustic shrike
 57827 | Depths:2 | Received a gift from Okawaru
 57853 | Depths:2 | Reached XP level 25. HP: 153/164 MP: 30/30
 57898 | Depths:2 | Got an ancient ring mail {god gift}
 57910 | Depths:2 | Found the +7 Kryia's mail coat {PotionHeal*2 rC+}
 58666 | Depths:3 | Found a one-way gate leading to the halls of Pandemonium.
 58808 | Depths:3 | Found a gateway to a ziggurat.
 59124 | Depths:3 | Found a glowing golden altar of the Shining One.
 59208 | Depths:3 | Got a brightly glowing long sword
 59230 | Depths:3 | Identified the +1 long sword "Xannupt" {flame, MR+} (You
                  | found it on level 3 of the Depths)
 59231 | Depths:3 | Identified the +4 ring mail of the Depths {rF+} (Okawaru
                  | gifted it to you on level 2 of the Depths)
 59698 | Depths:4 | Found a one-way gate to the infinite horrors of the Abyss.
 59889 | Depths:4 | Noticed a juggernaut
 59892 | Depths:4 | Received a gift from Okawaru
 59915 | Depths:4 | Killed a juggernaut
 60443 | Depths:4 | Got a distressingly furry helmet
 60454 | Depths:4 | Identified the +4 helmet "Wiulacil" {MP+9 Int+2} (You found
                  | it on level 4 of the Depths)
 60759 | Depths:4 | You are sucked into a shaft!
 60759 | Depths:5 | Entered Level 5 of the Depths
 60821 | Depths:4 | Received a gift from Okawaru
 61644 | Depths:5 | Noticed Margery
 61664 | Depths:5 | Reached XP level 26. HP: 142/172 MP: 30/30
 61678 | Depths:5 | Killed Margery
 62949 | Depths:5 | Found a bloodstained altar of Trog.
 63637 | Depths:5 | Found a gate to the Realm of Zot.
 64185 | Vaults:5 | Entered Level 5 of the Vaults
 64185 | Vaults:5 | Noticed Sojobo
 64460 | Vaults:4 | Received a gift from Okawaru
 64565 | Vaults:4 | Killed Sojobo
 64773 | Vaults:5 | Identified the +10 lajatang "Yqui" {venom, rF+ rC+ Dex+4
                  | Stlth+}
 65364 | Vaults:5 | Received a gift from Okawaru
 65366 | Vaults:5 | Got an ichor-stained eveningstar {god gift}
 65367 | Vaults:5 | Identified the +10 eveningstar "Loexki" {flame, Dex+4}
                  | (Okawaru gifted it to you on level 5 of the Vaults)
 65456 | Vaults:5 | Found Koiman's Magic Scroll Shoppe.
 65501 | Vaults:5 | Bought a scroll of acquirement for 936 gold pieces
 65501 | Vaults:5 | Bought a scroll of acquirement for 936 gold pieces
 65502 | Vaults:5 | Found the +2 pair of boots of the Assassin {Detection Stab+
                  | Stlth++}
 65504 | Vaults:5 | Got a shimmering chain mail
 65505 | Vaults:5 | Identified the +1 chain mail "Mygucw" {rF+ rN++} (You
                  | acquired it on level 5 of the Vaults)
 65525 | Vaults:5 | Reached XP level 27. HP: 179/179 MP: 30/30
 65590 | Vaults:5 | Identified the +3 demon whip "Wup Kori" {elec, rPois MP+9
                  | Str+8}
 66196 | Vaults:5 | Received a gift from Okawaru
 66217 | Vaults:5 | Noticed an ancient lich
 66227 | Vaults:4 | Killed an ancient lich
 66533 | Vaults:5 | Identified the Handbook of Helpful Stones
 66569 | Vaults:5 | Got a crude falchion
 67408 | Vaults:5 | Identified the cursed +2 falchion of the Mind {freeze, +Inv
                  | rPois Int+3} (You found it on level 5 of the Vaults)
 67666 | Vaults:5 | Got a silver rune of Zot
 67727 | Vaults:5 | Found the +6 lightning scales {run, rElec}
 67728 | Vaults:5 | Identified the Guide on Illusion and Confrontation
 68379 | Depths:1 | Bought a shiny shield for 300 gold pieces
 68617 | Crypt:1  | Entered Level 1 of the Crypt
 69112 | Crypt:1  | Got a pair of twisted gloves
 69123 | Crypt:1  | Identified the +1 pair of gloves of Tiuzin {rN+ MR- rCorr
                  | Int+2} (You acquired it on level 1 of the Crypt)
 69880 | Crypt:2  | Received a gift from Okawaru
 69881 | Crypt:2  | Got a crystal flail {god gift}
 69891 | Crypt:2  | Identified the +7 flail "Uhyhi" {flame, rN++ Dex+4}
                  | (Okawaru gifted it to you on level 2 of the Crypt)
 70482 | Crypt:3  | Entered Level 3 of the Crypt
 70595 | Crypt:3  | Found a staircase to the Tomb.
 70600 | Crypt:3  | Noticed a greater mummy
 70601 | Crypt:3  | Noticed Khufu
 70616 | Crypt:3  | Killed a greater mummy
 70627 | Crypt:3  | Killed Khufu
 70627 | Crypt:3  | Received a gift from Okawaru
 70628 | Crypt:3  | Got a slimy mace {god gift}
 70629 | Crypt:3  | Identified the +0 mace "Qotuuh" {pain, rF+ rN++ Int+6}
                  | (Okawaru gifted it to you on level 3 of the Crypt)
 71165 | Crypt:3  | Got an encrusted hand axe
 71358 | Crypt:3  | Found a basalt altar of Yredelemnul.
 71374 | Crypt:3  | Got a vibrating lapis lazuli ring
 71374 | Crypt:3  | Got a faintly glowing jade ring
 71374 | Crypt:3  | Got a clouded amber ring
 71376 | Crypt:3  | Identified the ring of Serendipity {rN+ Int+2 Dex+8 SInv}
                  | (You found it on level 3 of the Crypt)
 71378 | Crypt:3  | Identified the ring "Jopt" {*Drain +Inv rN+ Int+9} (You
                  | found it on level 3 of the Crypt)
 71380 | Crypt:3  | Identified the ring of Acays {rN+ Str+2 Slay+3} (You found
                  | it on level 3 of the Crypt)
 71409 | Crypt:3  | Noticed an ancient lich
 71452 | Crypt:3  | Killed an ancient lich
 71457 | Crypt:3  | Found the +8 demon blade "Bloodbane" {slice, *Rage +Rage
                  | Stlth-}
 71590 | Crypt:3  | Noticed Bai Suzhen
 71600 | Crypt:3  | Killed Bai Suzhen
 71615 | Crypt:3  | Received a gift from Okawaru
 72080 | Lair:2   | Identified the +4 hand axe "Wyhiju" {chop, *Contam +Rage
                  | Str+4 SInv} (You found it on level 3 of the Crypt)
 72866 | Crypt:3  | Got a brightly glowing falchion
 73363 | Zot:1    | Entered Level 1 of the Realm of Zot
 73737 | Zot:1    | Got a coiled copper ring
 73738 | Zot:1    | Identified the ring "Yntac" {*Slow rPois rC+ Str+7 SInv}
                  | (You found it on level 1 of the Realm of Zot)
 74712 | Zot:2    | Identified the +4 dragonskin cloak
 74712 | Zot:2    | Noticed Tiamat
 75163 | Zot:2    | Received a gift from Okawaru
 75164 | Zot:2    | Got a shimmering flail {god gift}
 75165 | Zot:2    | Identified the +10 flail of Kask {crush, rN+ Str-4 Int+7}
                  | (Okawaru gifted it to you on level 2 of the Realm of Zot)
 75293 | Zot:3    | HP: 2/184 [golden dragon/bolt of fire (50)]
 75600 | Zot:3    | Noticed an orb of fire
 75607 | Zot:3    | Gained mutation: You are occasionally teleported next to
                  | monsters. [an orb of fire]
 75609 | Zot:3    | Killed an orb of fire
 75695 | Zot:3    | Received a gift from Okawaru
 75697 | Zot:3    | Identified the +11 falchion "Emyat" {pain, rF+} (You found
                  | it on level 3 of the Crypt)
 75977 | Zot:3    | Found Guafel's Changing Room.
 77334 | Zot:2    | Killed Tiamat
 77334 | Zot:2    | Received a gift from Okawaru
 78185 | Zot:2    | Noticed an orb of fire
 78191 | Zot:2    | Gained mutation: Scrolls take you a little longer to read.
                  | [an orb of fire]
 78192 | Zot:2    | Gained mutation: Scrolls take you longer to read. [an orb
                  | of fire]
 78998 | Zot:2    | Killed from afar by an orb of fire

Skill      XL: |  1  2  3  4  5  6  7  8  9 10 11 12 13 14 15 16 17 18 19 20 21 22 23 24 25 26 27 |
---------------+----------------------------------------------------------------------------------+-----
Maces & Flails | 3 4 5 6 7 9 11 13 14 15 16 17 18 19 20 22 | 22.7
Invocations    | 3 5 7 8 10 | 10.0
Dodging        | 2 3 5 6 8 10 11 12 13 14 15 16 17 18 | 18.9
Shields        | 4 6 7 9 10 11 13 14 15 16 17 18 19 20 22 | 22.5
Evocations     | 2 4 5 7 9 10 | 10.0
Fighting       | 4 6 7 9 10 11 12 13 14 15 16 17 18 19 20 22 | 22.4
Armour         | 4 6 7 9 10 11 12 13 14 15 16 17 18 19 20 22 | 22.4

Action                   |  1- 3 |  4- 6 |  7- 9 | 10-12 | 13-15 | 16-18 | 19-21 | 22-24 | 25-27 || total
-------------------------+-------+-------+-------+-------+-------+-------+-------+-------+-------++-------
Melee: Flail             |   129 |   240 |   487 |  1165 |  1101 |       |       |       |       ||  3122
       Whip              |       |       |       |    48 |       |       |       |       |       ||    48
       Dire flail        |       |       |       |       |  1053 |   783 |       |       |       ||  1836
       Demon whip        |       |       |       |       |       |  1017 |  2220 |  1559 |  1537 ||  6333
       Eveningstar       |       |       |       |       |       |       |       |       |  1902 ||  1902
Invok: Heroism           |       |       |       |       |     1 |     1 |     1 |       |       ||     3
       Finesse           |       |       |       |       |     1 |     1 |     1 |       |       ||     3
 Abil: Fly               |       |       |       |       |     1 |       |       |       |       ||     1
Evoke: Wand              |       |       |       |       |     1 |     2 |     1 |     1 |     3 ||     8
  Use: Scroll            |       |       |    17 |     6 |    12 |     5 |    17 |     6 |    21 ||    84
       Potion            |       |       |       |       |     3 |       |     2 |     1 |     8 ||    14
 Stab: Petrifying        |       |       |       |       |     2 |       |       |       |       ||     2
       Distracted        |       |       |       |       |       |     2 |       |       |     2 ||     4
       Confused          |       |       |       |       |       |     2 |       |       |       ||     2
  Eat: Chunk             |     1 |     6 |    11 |    18 |    44 |    24 |    17 |    16 |    34 ||   171
       Ration            |       |       |     1 |     2 |       |     2 |     8 |     2 |    11 ||    26
Armor: Scale mail        |   106 |    12 |       |       |       |       |       |       |       ||   118
       Chain mail        |       |   165 |   295 |    88 |   249 |       |       |       |       ||   797
       Plate armour      |       |       |       |   529 |   698 |   642 |   121 |   430 |  1241 ||  3661
       Crystal plate arm |       |       |       |       |       |       |   496 |       |       ||   496
Dodge: Dodged            |    36 |    42 |    60 |   126 |   716 |   613 |   534 |   662 |  1381 ||  4170
Block: Shield            |    30 |       |       |       |   645 |   531 |  1239 |  1242 |  3435 ||  7122
       Large shield      |    81 |   224 |   325 |   802 |    69 |       |       |       |       ||  1501
       Reflection        |       |       |       |       |       |       |       |    57 |   100 ||   157
